Map: Site Delta LE

Players

Rottoss - Winner!

  • Race: Protoss Protoss
  • League: Diamond
  • Spawn Location: 11:00

SubN

  • Race: Zerg Zerg
  • League: Diamond
  • Spawn Location: 5:00

VOD

Have the link to the VOD?

Description

Time

  • Played on: Dec. 22, 2023, 10:10 p.m.
  • Length: 10:43
Show
View Real Time Build Order
Export as new Build Order

Rottoss Protoss - Winner!

Build Orders: 1 Gate Expand, Oracle Opening, Zealot Archon 

Get SALT Encoding   

  12  0:00  Probe  
  13  0:12  Probe  
  14  0:20  Pylon  
  14  0:24  Probe  
  15  0:38  Probe  
  15  0:39  Gateway  
  16  0:45  Assimilator  
  16  0:50  Probe (Chrono Boost)  
  17  1:02  Probe (Chrono Boost)  
  18  1:08  Probe (Chrono Boost)  
  19  1:16  Probe  
  20  1:27  Nexus  
  20  1:32  Assimilator  
  20  1:34  Probe  
  21  1:41  Pylon  
  21  1:56  Cybernetics Core  
  21  2:01  Probe  
  22  2:13  Probe  
  23  2:25  Probe  
  24  2:31  Adept (Chrono Boost)  
  26  2:39  Probe (Chrono Boost)  
  26  2:43  Probe (Chrono Boost)  
  28  2:46  Stargate  
  28  2:50  Probe (Chrono Boost)  
  30  2:53  Pylon, Probe (Chrono Boost)  
  30  2:54  Probe (Chrono Boost)  
  30  2:55  Warp Gate (Chrono Boost), Adept  
  33  3:03  Probe  
  34  3:05  Probe  
  34  3:12  Shield Battery  
  35  3:15  Probe  
  35  3:17  Probe  
  37  3:25  Stalker, Assimilator  
  39  3:27  Oracle (Chrono Boost), Probe  
  39  3:30  Probe  
  44  3:39  Probe  
  45  3:42  Probe (Chrono Boost)  
  46  3:51  Assimilator  
  46  3:54  Probe (Chrono Boost)  
  48  3:57  Probe (Chrono Boost)  
  48  4:01  Probe (Chrono Boost)  
  49  4:05  Probe (Chrono Boost)  
  49  4:08  Probe  
  51  4:13  Nexus  
  51  4:15  Pylon  
  51  4:19  Probe  
  51  4:20  Probe  
  53  4:26  Pylon  
  53  4:31  Probe  
  53  4:35  Gateway  
  53  4:36  Forge  
  54  4:39  Twilight Council  
  54  4:40  Probe  
  54  4:44  Probe, Robotics Facility  
  56  4:46  Gateway  
  56  4:47  Gateway  
  56  4:52  Probe  
  57  4:56  Probe  
  58  5:01  Stalker  
  58  5:04  Shield Battery, Probe  
  58  5:06  Gateway  
  61  5:08  Probe  
  61  5:13  Protoss Ground Weapons Level 1  
  62  5:14  Charge (Chrono Boost)  
  62  5:16  Probe  
  62  5:20  Probe  
  64  5:23  Templar Archives  
  64  5:28  Probe  
  65  5:30  Assimilator  
  65  5:32  Probe  
  66  5:37  Probe  
  66  5:40  Probe  
  66  5:41  Zealot  
  66  5:42  Zealot x2  
  74  5:43  Pylon  
  74  5:44  Probe  
  74  5:48  Assimilator  
  74  5:49  Probe  
  76  5:54  Probe (Chrono Boost)  
  78  6:00  Probe (Chrono Boost)  
  78  6:01  Probe (Chrono Boost)  
  78  6:03  Gateway  
  79  6:05  Gateway  
  79  6:07  Pylon  
  79  6:09  Photon Cannon  
  79  6:10  Probe x2 (Chrono Boost)  
  82  6:12  Probe (Chrono Boost)  
  82  6:15  Probe (Chrono Boost)  
  84  6:19  Observer (Chrono Boost), Probe  
  84  6:20  Probe  
  84  6:22  Psionic Storm  
  84  6:24  High Templar x3  
  92  6:28  High Templar  
  92  6:30  Warp Prism (Chrono Boost)  
  96  6:47  Shield Battery  
  96  6:50  Gateway  
  96  6:51  Gateway  
  95  6:57  Gateway  
  93  7:07  Zealot  
  93  7:08  Protoss Ground Weapons Level 2 (Chrono Boost)  
  95  7:09  High Templar x3  
  101  7:16  Pylon  
  101  7:18  Pylon  
  101  7:20  Blink  
  101  7:21  Pylon  
  101  7:23  Pylon  
  101  7:24  Pylon  
  101  7:29  Archon  
  101  7:37  Photon Cannon  
  101  7:41  High Templar x4  
  109  7:46  Archon  
  109  7:47  Archon  
  109  7:54  Zealot x5  
  119  8:11  Observer (Chrono Boost)  
  120  8:23  Observer (Chrono Boost)  
  120  8:25  Sentry x3  
  120  8:26  Sentry  
  129  8:28  Zealot x5  
  135  8:42  Nexus  
  135  8:48  High Templar x2  
  139  8:49  Zealot  
  139  8:53  Pylon  
  140  8:59  Pylon  
  140  9:01  Pylon  
  141  9:04  Observer, Pylon  
  141  9:09  Robotics Bay  
  141  9:11  Pylon  
  141  9:12  Zealot x2  
  141  9:13  Pylon, Zealot x2  
  149  9:23  Pylon  
  149  9:31  Pylon  
  149  9:36  Zealot x9  
  139  10:09  Zealot x5  
  139  10:10  Zealot x4  
  127  10:35  Zealot x4  
  127  10:36  Zealot x5  
Show
View Real Time Build Order
Export as new Build Order

SubN Zerg 

Build Orders: Hatch First 

Get SALT Encoding   

  12  0:00  Drone  
  13  0:12  Overlord  
  13  0:17  Drone  
  14  0:30  Drone x2  
  16  0:49  Hatchery  
  15  0:54  Drone  
  15  0:55  Drone  
  17  0:59  Drone  
  17  1:02  Extractor  
  17  1:15  Spawning Pool  
  17  1:18  Drone  
  17  1:21  Drone  
  18  1:27  Drone  
  19  1:38  Drone  
  20  1:49  Overlord  
  20  2:02  Queen  
  20  2:03  Queen  
  24  2:10  Metabolic Boost  
  24  2:14  Drone x3  
  27  2:19  Drone  
  28  2:30  Drone  
  28  2:31  Drone  
  30  2:43  Drone  
  31  2:48  Queen  
  31  2:50  Drone x3  
  36  2:54  Overlord  
  36  3:01  Overlord  
  36  3:13  Hatchery  
  35  3:23  Overlord  
  35  3:28  Queen  
  35  3:31  Drone x8  
  45  3:39  Drone, Extractor  
  45  3:40  Extractor  
  44  4:00  Drone x10  
  54  4:08  Extractor  
  53  4:11  Queen  
  55  4:17  Drone x2  
  57  4:27  Baneling Nest  
  57  4:31  Drone x5  
  57  4:32  Queen  
  63  4:43  Zergling x6  
  66  4:46  Overlord  
  66  4:47  Overlord x4  
  66  5:02  Overlord  
  66  5:04  Queen  
  68  5:08  Queen  
  68  5:12  Drone x2  
  68  5:13  Drone x8  
  80  5:19  Drone  
  80  5:20  Drone  
  80  5:21  Evolution Chamber  
  81  5:22  Evolution Chamber  
  80  5:29  Drone x3  
  80  5:31  Drone x2, Roach Warren  
  80  5:35  Extractor  
  83  5:36  Extractor  
  83  5:38  Overlord  
  83  5:40  Queen  
  84  5:43  Queen  
  86  5:52  Drone x2  
  86  5:53  Drone x4  
  92  6:06  Hatchery  
  91  6:30  Roach x5  
  101  6:40  Lair  
  101  6:42  Zerg Melee Weapons Level 1, Zerg Ground Armor Level 1  
  101  6:47  Overlord  
  98  7:16  Roach x6  
  110  7:23  Overlord x3  
  110  7:27  Queen  
  110  7:29  Drone x11  
  123  7:46  Drone x4  
  123  7:49  Extractor  
  123  7:50  Drone  
  123  7:51  Drone x2  
  129  7:56  Zergling x12  
  129  7:57  Zergling x4  
  137  8:15  Hydralisk Den  
  137  8:18  Infestation Pit  
  135  8:20  Drone x4  
  135  8:23  Zergling x2  
  135  8:24  Zergling x10, Extractor  
  144  8:30  Baneling x13  
  144  8:31  Baneling x3  
  144  8:32  Overseer  
  144  8:33  Overseer  
  138  8:42  Roach  
  138  8:43  Roach x5  
  150  8:48  Muscular Augments  
  150  8:49  Centrifugal Hooks  
  150  8:51  Hydralisk  
  150  8:54  Overlord x3  
  152  8:59  Glial Reconstitution  
  152  9:05  Overlord x4  
  152  9:16  Zergling x6  
  152  9:17  Zergling x12  
  161  9:24  Hydralisk x2  
  161  9:30  Hydralisk  
  161  9:31  Hydralisk x4  
  171  9:50  Hydralisk  
  171  9:51  Hydralisk x7  
  171  9:52  Grooved Spines  
  106  10:23  Extractor  
  106  10:25  Hatchery  
  106  10:27  Extractor  
Tags
 
Add a new tag
Caveats
  • Supply blocks, unpowered buildings, or Contaminate may cause inaccurate times.
  • Supply counts are checked every 10 seconds.